 Dungeon Crawl Stone Soup version 0.23-a0-49-gd9f7a49 (webtiles) character file.

3327 galech the Cleaver (level 9, -1/79 HPs)
             Began as a Minotaur Fighter on Aug 6, 2018.
             Was a Believer of Makhleb.
             Slain by a death yak (20 damage)
             ... on level 7 of the Dungeon.
             The game lasted 00:09:38 (7363 turns).

galech the Cleaver (Minotaur Fighter)               Turns: 7363, Time: 00:09:39

Health: -1/79      AC: 15    Str: 21    XL:     9   Next: 71%
Magic:  8/8        EV:  6    Int:  5    God:    Makhleb [**....]
Gold:   210        SH: 11    Dex: 13    Spells: 8/8 levels left

rFire    + . .     SeeInvis .   a - +0 war axe
rCold    x . .     Gourm    .   c - +0 shield
rNeg     . . .     Faith    .   H - +0 plate armour
rPois    .         Spirit   .   (helmet restricted)
rElec    .         Reflect  .   u - +0 cloak
rCorr    .         Harm     .   t - +0 pair of gloves
MR       .....                  (no boots)
Stlth    ..........             (no amulet)
HPRegen  0.23/turn              b - ring of fire
MPRegen  0.11/turn              (no ring)

@: drained
A: retaliatory headbutt, horns 2
a: Minor Destruction, Renounce Religion


You were on level 7 of the Dungeon.
You worshipped Makhleb.
Makhleb was pleased with you.
You were not hungry.

You visited 2 branches of the dungeon, and saw 9 of its levels.

You collected 481 gold pieces.
You spent 271 gold pieces at shops.

Inventory:

Hand Weapons
 a - a +0 war axe (weapon)
 C - the +5 scythe "Finisher" {speed, Str+3}
   (You found it on level 7 of the Dungeon)

   Attacks with this weapon are significantly faster.
   It affects your strength (+3).
Armour
 c - a +0 shield (worn)
 t - a +0 pair of gloves (worn)
 u - a +0 cloak (worn)
 H - a +0 plate armour (worn)
 I - the +3 leather armour "Yroickul" {rF- rCorr Int+3}
   (You found it on level 7 of the Dungeon)

   It affects your intelligence (+3).
   It makes you vulnerable to fire.
   It provides partial protection from all sources of acid and corrosion.
Jewellery
 b - a ring of fire (left hand)
Wands
 g - a wand of clouds (6)
 E - a wand of polymorph (6)
 G - a wand of flame (26)
Scrolls
 e - a scroll of fear
 h - 4 scrolls of magic mapping
 j - 3 scrolls of teleportation
 n - 2 scrolls of enchant weapon
 y - 2 scrolls of remove curse
 z - a scroll of blinking
 B - 2 scrolls of random uselessness
 D - 2 scrolls of immolation
 F - a scroll of enchant armour
 K - a scroll of noise {unknown}
 L - a scroll of amnesia {unknown}
Potions
 d - a potion of might
 k - a potion of mutation {unknown}
 l - a potion of ambrosia {unknown}
 m - 5 potions of curing
 o - a potion of magic {unknown}
 p - 2 potions of lignification {unknown}
 q - 2 potions of haste {unknown}
 r - 2 potions of resistance {unknown}
 s - 2 potions of cancellation {unknown}
 v - a potion of brilliance {unknown}
 w - 2 potions of flight {unknown}
 x - 5 potions of heal wounds
 A - a potion of agility {unknown}
Comestibles
 f - 15 rations


   Skills:
 + Level 7.4(6.9) Fighting
 + Level 10.3(9.9) Axes
 + Level 3.0(6.7) Polearms
 + Level 7.1(6.6) Armour
 + Level 4.2(3.8) Dodging
 + Level 2.0(1.6) Stealth
 + Level 7.6(7.1) Shields


You had 8 spell levels left.
You didn't know any spells.
Your spell library was empty.

Dungeon Overview and Level Annotations

Branches:
Dungeon (8/15)             Temple (1/1) D:5            Lair (0/6) D:8

Altars:
Dithmenos
Fedhas
Hepliaklqana
Makhleb
Okawaru
Qazlal
Sif Muna
Uskayaw
Vehumet
Xom
Yredelemnul
Zin
The Shining One

Shops:
D:5 !   D:7 !

Annotations:
D:8 3 runed doors, EnegeticOcto's ghost, novice NaAr


Innate Abilities, Weirdness & Mutations

You reflexively headbutt those who attack you in melee.
You have a pair of horns on your head.


Message History

The death yak is severely wounded.
You block the death yak's attack.
You hit the death yak.
The death yak is severely wounded.
The death yak gores you but does no damage.
Your plate armour prevents you from hitting the death yak.
You headbutt the death yak, but do no damage.
The death yak is severely wounded.
You block the death yak's attack.
You hit the death yak but do no damage. You headbutt the death yak.
The death yak is severely wounded.
The death yak gores you!
* * * LOW HITPOINT WARNING * * *
You hit the death yak.
The death yak is severely wounded.
You block the death yak's attack.
You slash the death yak!
The death yak is almost dead.
The death yak gores you!!
You die...

#...............
#.##.#######....
#...............
#.###########.#.
#.#..##..#..#.#.
###.#.#..#..#.#.##
#...##.##.##.##.##
#Y..##.#...#.##...
#@....###.###.#...
#...##.#.#.#.##...
#....#..#.#..##...
#...#.#..#..#.#...
#########...#..#..##..#...
#............####.#####...
###'###.....#...............
#≈≈.≈≈#.....#####.##........
#≈8.8≈#.....## #...........


You could see a death yak.

Vanquished Creatures
  Sigmund (D:5)
  4 wraiths
  2 porcupines (D:8)
  An ice beast (D:7)
  A sky beast (D:8)
  2 ogres
  A big kobold (D:8)
  A gnoll sergeant (D:4)
  4 bullfrogs
  A scorpion (D:6)
  3 wights
  2 crimson imps
  8 orc priests
  A bullfrog zombie (D:6)
  2 centaur skeletons
  4 hounds
  A bullfrog skeleton (D:6)
  5 iguanas
  6 orc wizards
  9 worker ants
  2 hell rats (D:8)
  A hound zombie (D:5)
  A worker ant zombie (D:5)
  6 adders
  15 gnolls
  A howler monkey skeleton (D:5)
  2 river rats (D:8)
  A shadow imp (D:5)
  2 oozes
  4 worms (D:2)
  2 dart slugs
  6 leopard geckos
  17 orcs
  A ball python (D:3)
  2 bats
  4 giant cockroaches
  A goblin (D:1)
  4 hobgoblins
  11 jackals
  10 kobolds
  5 quokkas
  7 frilled lizards
  A quokka zombie (D:3)
  6 rats
171 creatures vanquished.

Vanquished Creatures (others)
  7 toadstools (D:1)
7 creatures vanquished.

Grand Total: 178 creatures vanquished

Notes
Turn   | Place    | Note
-------+----------+-------------------------------------------
     0 | D:1      | galech the Minotaur Fighter began the quest for the Orb.
     0 | D:1      | Reached XP level 1. HP: 19/19 MP: 0/0
   253 | D:1      | Reached XP level 2. HP: 21/27 MP: 1/1
   826 | D:2      | Reached XP level 3. HP: 24/33 MP: 2/2
   914 | D:2      | Found a stormy altar of Qazlal.
  1192 | D:2      | Reached skill level 3 in Axes
  1192 | D:2      | Reached XP level 4. HP: 29/40 MP: 3/3
  1957 | D:3      | Reached skill level 1 in Dodging
  1963 | D:3      | Reached skill level 5 in Armour
  1963 | D:3      | Reached XP level 5. HP: 21/46 MP: 4/4
  2129 | D:3      | Reached skill level 4 in Axes
  2492 | D:4      | Noticed an ogre
  2499 | D:4      | Killed an ogre
  2519 | D:4      | Found a glowing golden altar of the Shining One.
  2523 | D:4      | Reached XP level 6. HP: 41/53 MP: 5/5
  2536 | D:4      | Reached skill level 5 in Axes
  2969 | D:4      | Reached skill level 5 in Shields
  3196 | D:4      | Reached skill level 5 in Fighting
  3196 | D:4      | Reached XP level 7. HP: 51/61 MP: 6/6
  3614 | D:5      | Entered Level 5 of the Dungeon
  3668 | D:5      | Found an iron altar of Okawaru.
  3691 | D:5      | Found Dekhat's Distillery.
  3694 | D:5      | Bought a potion of heal wounds for 50 gold pieces
  3694 | D:5      | Bought 2 potions of heal wounds for 100 gold pieces
  3717 | D:5      | Reached skill level 6 in Axes
  3746 | D:5      | Noticed Sigmund
  3755 | D:5      | Killed Sigmund
  3941 | D:5      | Found a staircase to the Ecumenical Temple.
  3995 | Temple   | Entered the Ecumenical Temple
  4018 | Temple   | Became a worshipper of Makhleb the Destroyer
  4108 | D:5      | Found a hazy altar of Hepliaklqana.
  4115 | D:5      | Found a shimmering altar of Xom.
  4115 | D:5      | Noticed a yak
  4116 | D:5      | Noticed a yak
  4116 | D:5      | Noticed a spectral ugly thing
  4600 | D:6      | Reached skill level 7 in Axes
  4603 | D:6      | Reached XP level 8. HP: 63/69 MP: 7/7
  4977 | D:6      | Reached skill level 8 in Axes
  5000 | D:6      | Reached * piety under Makhleb
  5000 | D:6      | Reached skill level 1 in Stealth
  5431 | D:7      | Found the +5 scythe "Finisher" {speed, Str+3}
  5567 | D:8      | Reached skill level 9 in Axes
  5571 | D:8      | Reached XP level 9. HP: 61/78 MP: 8/8
  5679 | D:7      | Got a spiked leather armour
  5690 | D:7      | Identified the +3 leather armour "Yroickul" {rF- rCorr Int+3} (You found it on level 7 of the Dungeon)
  6139 | D:7      | Reached skill level 1 in Polearms
  6622 | D:7      | Found Qoikhuith's Distillery.
  6627 | D:7      | Bought a potion of curing for 33 gold pieces
  6627 | D:7      | Bought a potion of curing for 33 gold pieces
  6627 | D:7      | Bought a potion of heal wounds for 55 gold pieces
  6718 | D:8      | Reached ** piety under Makhleb
  6873 | D:8      | Noticed a death yak
  6940 | D:8      | Reached skill level 10 in Axes
  6956 | D:8      | Found a runed gate.
  6956 | D:8      | Found a runed gate.
  6956 | D:8      | Found a runed gate.
  6956 | D:8      | Noticed EnegeticOcto's ghost (novice NaAr)
  7312 | D:8      | Noticed a death yak
  7315 | D:8      | Found a staircase to the Lair.
  7315 | D:8      | Noticed a death yak
  7363 | D:7      | Slain by a death yak

Vault maps used:
D:1:      nagdon_arrival_double_spiral
D:2:      lemuel_round_altar, st_stairs_4
D:4:      old_standard_altar, first_ration, kennysheep_generic_room_11
D:5:      regret_index_temple_of_mockery, kennysheep_okawaru_gauntlet,
          minmay_temple_entry_fiery, serial_shops, kennysheep_mini,
          kennysheep_another_room, uniq_sigmund
D:6:      minivault_1
D:7:      serial_shops, kennysheep_little_box, minmay_guarded_unrand_finisher
D:8:      dpeg_lair_monsters, gammafunk_ghost_spectres, david_nohive_1
Temple:   eino_temple_scatter_basement

Skill      XL: |  1  2  3  4  5  6  7  8  9 |
---------------+----------------------------+-----
Fighting       | 4 5 6 7 |  7.4
Shields        | 4 5 6 7 |  7.6
Armour         | 4 5 6 7 |  7.1
Axes           | 3 4 5 7 9 10 | 10.3
Dodging        | 1 2 3 4 |  4.2
Stealth        | 1 2 |  2.0
Polearms       | 3 |  3.0

Action                   |  1- 3 |  4- 6 |  7- 9 || total
-------------------------+-------+-------+-------++-------
Melee: War axe           |    90 |   131 |   313 ||   534
       Headbutt          |    10 |    26 |    83 ||   119
       Scythe            |       |       |    13 ||    13
  Use: Scroll            |       |       |     9 ||     9
 Stab: Sleeping          |       |       |     1 ||     1
  Eat: Chunk             |     1 |     7 |    13 ||    21
Armor: Scale mail        |    38 |    66 |    61 ||   165
       Plate armour      |       |       |    21 ||    21
       Leather armour    |       |       |    19 ||    19
Dodge: Dodged            |    29 |    30 |   112 ||   171
Block: Shield            |    53 |    71 |   194 ||   318

Table legend:
 A = Spawn XP
 B = Non-spawn XP
 C = Spawn XP percentage of total XP
 D = Spawn monster count
 E = Non-spawn monster count
 F = Spawn count percentage of total count
 G = Total turns spent on level
                    A         B        C        D         E        F      G
               +---------+---------+-------+---------+---------+-------+---------
         Total |       0 |    4754 |   0.0 |       0 |     171 |   0.0 |  7363
               +---------+---------+-------+---------+---------+-------+---------
           D:1 |       0 |      19 |   0.0 |       0 |      10 |   0.0 |   664
           D:2 |       0 |      91 |   0.0 |       0 |      21 |   0.0 |  1017
           D:3 |       0 |     120 |   0.0 |       0 |      16 |   0.0 |  1009
           D:4 |       0 |     597 |   0.0 |       0 |      30 |   0.0 |   924
           D:5 |       0 |     361 |   0.0 |       0 |      10 |   0.0 |   515
           D:6 |       0 |    1148 |   0.0 |       0 |      37 |   0.0 |  1161
           D:7 |       0 |     955 |   0.0 |       0 |      12 |   0.0 |  1134
           D:8 |       0 |    1463 |   0.0 |       0 |      35 |   0.0 |   906
               +---------+---------+-------+---------+---------+-------+---------
